 Dungeon Crawl Stone Soup version 0.22.1-1-ga44c0e5 (webtiles) character file.

755 Jamjie98 the Firebug (level 7, -2/52 HPs)
             Began as a Green Draconian Fire Elementalist on Oct 1, 2018.
             Killed from afar by an orc wizard (11 damage)
             ... with a magic dart
             ... on level 4 of the Dungeon.
             The game lasted 00:30:04 (2937 turns).

Jamjie98 the Firebug (DrFE)                         Turns: 2937, Time: 00:30:04

Health: -2/52      AC:  7    Str: 11    XL:     7   Next: 49%
Magic:  6/14       EV: 12    Int: 17    God:
Gold:   188        SH:  0    Dex: 11    Spells: 9/15 levels left

rFire    . . .     SeeInvis .   y - +2 quarterstaff (chaos)
rCold    . . .     Gourm    .   (shield currently unavailable)
rNeg     . . .     Faith    .   (armour unavailable)
rPois    +         Spirit   .   (helmet restricted)
rElec    .         Reflect  .   z - +0 cloak
rCorr    .         Harm     .   (no gloves)
MR       .....                  (no boots)
Stlth    +.........             i - amulet of magic regeneration
HPRegen  0.17/turn              (no ring)
MPRegen  0.39/turn              (no ring)

@: confused
A: breathe noxious fumes, unfitting armour, poison resistance, cold-blooded, AC
+6
a: Breathe Noxious Fumes


You were on level 4 of the Dungeon.
You were not hungry.

You visited 1 branch of the dungeon, and saw 4 of its levels.

You collected 188 gold pieces.

Inventory:

Hand Weapons
 c - a +0 mace
 d - a +0 hand axe
 m - a +0 whip
 n - a +2 mace of draining
 t - a +0 quarterstaff
 y - a +2 quarterstaff of chaos (weapon)
 A - a cursed -3 mace
 D - a +2 dagger of electrocution
 H - a +2 flail of crushing
 J - a +0 giant club
Missiles
 h - 138 stones (quivered)
 j - 34 arrows
 o - 68 poisoned needles
 E - 32 sling bullets
Armour
 z - a +0 cloak (worn)
Jewellery
 i - an amulet of magic regeneration (around neck)
Wands
 x - a wand of flame (22)
 B - a wand of iceblast (10)
Scrolls
 e - 4 scrolls of teleportation
 f - a scroll of identify
 g - 2 scrolls of fear {unknown}
 p - a scroll of enchant weapon {unknown}
 q - 4 scrolls of remove curse
 u - a scroll of amnesia {unknown}
 F - a scroll of enchant armour {unknown}
 G - a scroll of noise {unknown}
 I - a scroll of fog {unknown}
Potions
 a - 2 potions of might
 k - a potion of brilliance {unknown}
 l - a potion of curing
 r - a potion of agility {unknown}
 s - 4 potions of lignification
 v - a potion of ambrosia {unknown}
 w - a potion of flight {unknown}
 K - a potion of berserk rage {unknown}
Comestibles
 b - 6 rations
 C - 3 chunks of flesh


   Skills:
 + Level 1.2 Fighting
 + Level 1.6 Staves
 + Level 2.5 Dodging
 + Level 2.2 Stealth
 + Level 4.9 Spellcasting
 + Level 3.9 Conjurations
 + Level 5.0 Fire Magic


You had 9 spell levels left.
You knew the following spells:

 Your Spells              Type           Power        Failure   Level  Hunger
a - Flame Tongue          Conj/Fire      ###..        2%          1    None
b - Conjure Flame         Conj/Fire      ###.....     7%          3    ###....
c - Throw Flame           Conj/Fire      ###...       3%          2    #......

Your spell library contained the following spells:

 Spells                   Type           Power        Failure   Level  Hunger
 Inner Flame              Hex/Fire       ##......     16%         3    ###....
 Sticky Flame             Conj/Fire      ###.....     22%         4    ####...
 Fireball                 Conj/Fire      ###.......   54%         5    ######.


Dungeon Overview and Level Annotations

Branches:
Dungeon (4/15)
 Temple: D:4-7

Altars:
Okawaru
Trog
The Shining One


Innate Abilities, Weirdness & Mutations

You can breathe blasts of noxious fumes.
Your lurid green scales are hard. (AC +6)
You cannot fit into any form of body armour.
Your system is resistant to poisons. (rPois)
You are cold-blooded and may be slowed by cold attacks.


Message History

Aim: an orc, wielding a flail (heavily wounded)
The flame tongue hits the orc.
You kill the orc!
Something barely misses you.
A magic dart appears from out of thin air!
The magic dart hits you!
* * * LOW HITPOINT WARNING * * *
You feel better.
You hear some strange, mumbled words.
You are confused.
There is a strange disturbance nearby!
There is a strange disturbance nearby!
There is a strange disturbance nearby!
Something hits you.
* * * LOW HITPOINT WARNING * * *
You're too confused!
Something hits you but does no damage.
A magic dart appears from out of thin air!
The magic dart hits you!
You die...

#.##.....#..
#.##.#.#.#.#
#>..........
########'####...###
#........†....)...#
#......)...##...#+#
#..........# .#...
#.......%..# ......
#.@........# .# ..†
############ .# ...


There were no monsters in sight!

Vanquished Creatures
  Sigmund (D:3)
  A phantom (D:4)
  An ogre (D:4)
  Blork the orc (D:4)
  Crazy Yiuf (D:2)
  2 orc priests (D:4)
  An orc wizard (D:4)
  Jessica (D:3)
  Terence (D:2)
  A worker ant (D:4)
  Robin (D:2)
  3 gnolls (D:4)
  3 adders
  An ooze (D:1)
  2 worms (D:2)
  2 dart slugs
  A leopard gecko (D:1)
  9 orcs
  A ball python (D:3)
  6 bats
  3 giant cockroaches
  12 goblins
  11 hobgoblins
  5 jackals (D:1)
  3 kobolds
  A frilled lizard (D:3)
  4 rats
79 creatures vanquished.

Notes
Turn   | Place    | Note
-------+----------+-------------------------------------------
     0 | D:1      | Jamjie98 the Draconian Fire Elementalist began the quest
                  | for the Orb.
     0 | D:1      | Reached XP level 1. HP: 14/14 MP: 3/3
   200 | D:1      | Reached XP level 2. HP: 12/20 MP: 0/5
   594 | D:2      | Reached XP level 3. HP: 27/27 MP: 4/6
   760 | D:2      | Noticed Robin
   778 | D:2      | Killed Robin
   789 | D:2      | HP: 1/27 [hobgoblin[Robin] (4)]
   799 | D:2      | HP: 1/27 [goblin/club[Robin] (1)]
  1243 | D:2      | Learned a level 3 spell: Conjure Flame
  1246 | D:2      | Learned a level 2 spell: Throw Flame
  1294 | D:2      | Noticed Terence
  1309 | D:2      | Killed Terence
  1309 | D:2      | Reached skill level 4 in Fire Magic
  1309 | D:2      | Reached XP level 4. HP: 34/34 MP: 0/8
  1441 | D:2      | Found a runed door.
  1445 | D:2      | Noticed Crazy Yiuf
  1452 | D:2      | Killed Crazy Yiuf
  1588 | D:2      | Reached skill level 1 in Staves
  1722 | D:3      | Noticed Jessica
  1729 | D:3      | Killed Jessica
  1729 | D:3      | Reached XP level 5. HP: 39/39 MP: 0/9
  1764 | D:3      | Found a glowing golden altar of the Shining One.
  2268 | D:3      | Noticed Sigmund
  2289 | D:3      | Killed Sigmund
  2289 | D:3      | Reached XP level 6. HP: 27/46 MP: 0/11
  2406 | D:4      | Reached skill level 1 in Fighting
  2693 | D:4      | Your scales start taking on a lurid green colour.
  2693 | D:4      | Reached XP level 7. HP: 24/52 MP: 8/13
  2693 | D:4      | Gained mutation: Your system is resistant to poisons.
                  | (rPois) [Green Draconian growth]
  2804 | D:4      | Found a bloodstained altar of Trog.
  2804 | D:4      | Found an iron altar of Okawaru.
  2901 | D:4      | Noticed Blork the orc
  2924 | D:4      | Killed Blork the orc
  2924 | D:4      | Reached skill level 5 in Fire Magic
  2937 | D:4      | Killed from afar by an orc wizard

Skill      XL: |  1  2  3  4  5  6  7 |
---------------+----------------------+-----
Stealth        | 2 |  2.2
Fire Magic     | 4 5 |  5.0
Conjurations   | 2 3 |  3.9
Staves         | 1 |  1.6
Dodging        | 2 |  2.5
Spellcasting   | 3 4 |  4.9
Fighting       | 1 |  1.2

Action                   |  1- 3 |  4- 6 |  7- 9 || total
-------------------------+-------+-------+-------++-------
Melee: Unarmed           |     9 |       |       ||     9
       Mace              |     6 |       |       ||     6
       Tailslap          |     2 |       |     1 ||     3
       Quarterstaff      |    17 |    12 |     5 ||    34
Throw: Stone             |     1 |       |       ||     1
 Cast: Flame Tongue      |    72 |    47 |    19 ||   138
       Throw Flame       |     4 |    36 |    16 ||    56
       Conjure Flame     |       |     1 |       ||     1
 Abil: Breathe Noxious F |       |       |     1 ||     1
  Use: Scroll            |       |     5 |       ||     5
       Potion            |       |     1 |     1 ||     2
  Eat: Chunk             |     2 |     6 |     2 ||    10
Armor: Skin              |    17 |    13 |     4 ||    34
Dodge: Dodged            |    39 |    22 |     7 ||    68
